 Dungeon Crawl Stone Soup version 0.27-a0-538-g15ff5c5295 (webtiles) character file.

Game seed: 12656706629752578754

86 sahdkjhfkaj the Chopper (level 4, 0/58 HPs)
             Began as a Hill Orc Berserker on Mar 6, 2021.
             Was a Believer of Trog.
             Succumbed to an adder's poison
             ... on level 2 of the Dungeon.
             The game lasted 00:01:05 (2059 turns).

sahdkjhfkaj the Chopper (Hill Orc Berserker)        Turns: 2059, Time: 00:01:06

Health: 0/58       AC:  2    Str: 20    XL:     4   Next: 50%
Magic:  4/4        EV: 11    Int:  7    God:    Trog [**....]
Gold:   39         SH:  0    Dex: 10    Spells: 3/3 levels left

rFire    . . .     SeeInvis .   a - +0 hand axe
rCold    . . .     Faith    .   (no shield)
rNeg     . . .     Spirit   .   b - +0 animal skin
rPois    .         Reflect  .   (no helmet)
rElec    .         Harm     .   (no cloak)
rCorr    .         Rampage  .   (no gloves)
Will     .....                  (no boots)
Stlth    ..........             (no amulet)
HPRegen  0.19/turn              (no ring)
MPRegen  0.09/turn              (no ring)

@: berserking (expiring), lethally poisoned (0 -> -5), very quick
A: no striking features
a: Renounce Religion, Berserk, Trog's Hand


You were on level 2 of the Dungeon.
You worshipped Trog.
Trog was pleased with you.
You visited 1 branch of the dungeon, and saw 2 of its levels.

You collected 39 gold pieces.

Inventory:

Hand Weapons
 a - a +0 hand axe (weapon)
Armour
 b - a +0 animal skin (worn)
Scrolls
 c - a scroll of fog {unknown}
 d - a scroll of fear {unknown}
Potions
 e - a potion of lignification {unknown}
 f - a potion of berserk rage {unknown}


   Skills:
 - Level 3.6 Fighting
 + Level 6.8 Axes
 - Level 2.1 Armour
 - Level 1.5 Dodging


You had 3 spell levels left.
You didn't know any spells.
Your spell library was empty.

Dungeon Overview and Level Annotations

Branches:
Dungeon (2/15)

Altars:


Message History

Robin throws the goblin at you! The goblin misses you.
You barely miss the adder.
The adder is heavily wounded.
You barely miss the goblin. You closely miss the goblin.
You barely miss the goblin. You slash the hobgoblin!
You kill the hobgoblin!
Trog accepts your kill. The adder bites you.
* * * LOW HITPOINT WARNING * * *
You are more poisoned.
The adder poisons you!
You slash the adder!
You kill the adder!
Trog accepts your kill.
You slash the goblin!
You kill the goblin!
Trog accepts your kill.
You slash the goblin!
You kill the goblin!
Trog accepts your kill.
You slash the goblin!
You kill the goblin!
Trog accepts your kill.
A hobgoblin comes into view. It is wielding a +0 club.
A goblin comes into view.
Unknown command.
A goblin and a hobgoblin come into view.
* * * LOW HITPOINT WARNING * * *
You feel sick.
The hobgoblin shouts!
The goblin shouts! x2; You hear a shout!
A goblin comes into view. It is wielding a +0 dagger.
You see here an adder corpse.
Unknown command.
You slash Robin!
You kill Robin!
Trog accepts your kill.
You can now call upon Trog for regeneration and willpower.
Unknown command.
A ball python comes into view.
You die...

##.##.# #...... #
..##.# .. #.##.#
#.#######(##.#
#....)#†...#.#
###...).##..#.# ###
!.....)††#..(÷##..#
##.....@.#.##.#...#
#.......#.##....#
##.....#######..#
#...<.# P##..#
#...g.g# PP#..#
#....gg# P.##..#
.......g# ####..#
##....[.S #..#..#
#...#.#


You could see 2 hobgoblins, 3 goblins and a ball python (wandering).

Vanquished Creatures
  Robin (D:2)
  A gnoll (D:1)
  2 adders (D:2)
  An ooze (D:1)
  A worm (D:2)
  2 dart slugs (D:1)
  2 leopard geckos (D:1)
  3 bats
  6 goblins
  5 hobgoblins
  5 jackals (D:1)
  3 kobolds (D:1)
  A frilled lizard (D:1)
  2 rats (D:1)
35 creatures vanquished.

Notes
Turn   | Place    | Note
-------+----------+-------------------------------------------
     0 | D:1      | sahdkjhfkaj the Hill Orc Berserker began the quest for the
                  | Orb.
     0 | D:1      | Reached XP level 1. HP: 19/19 MP: 1/1
    44 | D:1      | Reached XP level 2. HP: 10/26 MP: 2/2
   283 | D:1      | Reached skill level 5 in Axes
   449 | D:1      | Reached XP level 3. HP: 27/31 MP: 3/3
  1491 | D:1      | Reached skill level 6 in Axes
  2046 | D:2      | Noticed Robin
  2053 | D:2      | Reached XP level 4. HP: 17/39 MP: 4/4
  2055 | D:2      | HP: 1/58 [adder (2)]
  2058 | D:2      | Killed Robin
  2058 | D:2      | Reached ** piety under Trog
  2059 | D:2      | Succumbed to an adder's poison

Illustrated notes

Levels and vault maps discovered:
D:1:      dpeg_arrival_boxes_within_box, layout_loops_ring
D:2:      kb_forest_paths, layout_rooms, nicolae_ru_sacrificial_ziggurat,
          serial_aquarium, aquarium_bridge_square [aquarium_subvault_bridge,
          aquarium_subvault_wall, aquarium_subvault_bridge,
          aquarium_subvault_window], aquarium_window_2,
          aquarium_window_corridor_3, aquarium_window_2, aquarium_window_2,
          aquarium_view_2e, aquarium_view_2e, aquarium_balcony_5b, uniq_robin

Skill      XL: |  1  2  3 |
---------------+----------+-----
Axes           | 5 6 |  6.8
Fighting       | |  3.6
Armour         | |  2.1
Dodging        | |  1.5

Action                   |  1- 3 |  4- 6 || total
-------------------------+-------+-------++-------
Melee: Hand axe          |    94 |     4 ||    98
Invok: Berserk           |     1 |     1 ||     2
Armor: Animal skin       |    20 |       ||    20
Dodge: Dodged            |    57 |     4 ||    61

Table legend: (Time is in decaauts)
 A = Elapsed time spent in this place.
 B = Non-inter-level travel time spent in this place.
 C = Inter-level travel time spent in this place.
 D = Time resting spent in this place.
 E = Time spent auto-exploring this place.
 F = Levels seen in this place.
 G = Mean time per level.
                   A        B        C        D        E       F      G
               +--------+--------+--------+--------+--------+-----+--------+
         Total |   2068 |   1989 |     79 |     35 |   1777 |   2 | 1034.0 |
       Dungeon |   2068 |   1989 |     79 |     35 |   1777 |   2 | 1034.0 |
               +--------+--------+--------+--------+--------+-----+--------+

Top non-repeatable levels by time:
     D:1: 1711 daAuts
     D:2: 357 daAuts
